 Dungeon Crawl Stone Soup version 0.28.0-45-g0d030f2227 (webtiles) character file.

Game seed: 11250687790109723163

1351 zeratav the Insei (level 8, 0/54 HPs)
             Began as an Octopode Transmuter on Apr 7, 2022.
             Slain by a hornet zombie (12 damage)
             ... on level 6 of the Dungeon.
             The game lasted 00:18:34 (8277 turns).

zeratav the Insei (Octopode Transmuter)             Turns: 8277, Time: 00:18:35

Health: 0/54       AC:  2    Str: 10    XL:     8   Next: 63%
Magic:  6/11       EV: 22    Int: 15    God:
Gold:   384        SH:  0    Dex: 19    Spells: 7/11 levels left

rFire   . . .      SeeInvis .     - Unarmed
rCold   . . .      Faith    .   (shield currently unavailable)
rNeg    . . .      Spirit   .   (helmet currently unavailable)
rPois   x          Reflect  .   (no amulet)
rElec   .          Harm     .   (no ring)
rCorr   .          Rampage  .   (no ring)
Will    .....                   (no ring)
Stlth   +++.......              (no ring)
HPRegen 0.18/turn               (no ring)
MPRegen 0.12/turn               (no ring)
                                (no ring)
                                (no ring)

@: spider-form (expiring)
A: venomous fangs, almost no armour, (amphibious), 8 rings, tiny, (camouflage
1), (gelatinous body 1), (nimble swimmer 1), (tentacles)
a: End Transformation


You were on level 6 of the Dungeon.
You were a venomous arachnid creature.
You visited 1 branch of the dungeon, and saw 6 of its levels.

You collected 384 gold pieces.


Innate Abilities, Weirdness & Mutations

You are a venomous arachnid creature.
You have poisonous fangs.
You are tiny and dextrous.
Your spellcasting is less reliable in this form.
Your armour is entirely melded.
You are incapable of wielding weapons or throwing items.
You cannot wear most types of armour.
((You are amphibious.))
You can wear up to eight rings at the same time.
((Your skin changes colour to match your surroundings (Stealth+).))
((Your rubbery body absorbs attacks. (AC +1, EV +1)))
((You are camouflaged when in or above water. (Stealth+)))
((You have tentacles for arms and can constrict up to eight enemies at once.))


   Skills:
 + Level 4.1 Fighting
 + Level 4.6 Dodging
 - Level 5.0 Stealth
 * Level 6.8 Unarmed Combat
 - Level 2.0 Spellcasting
 + Level 4.6 Transmutations


You had 7 spell levels left.
You knew the following spells:

 Your Spells              Type           Power      Damage    Failure   Level
a - Beastly Appendage     Tmut           30%        N/A       11%         1
b - Spider Form           Tmut/Pois      8%         N/A       47%         3

Your spell library contained the following spells:

 Spells                   Type           Power      Damage    Failure   Level
 Wereblood                Tmut           15%        N/A       14%         2
 Apportation              Tloc           2%         N/A       43%         1
 Summon Small Mammal      Summ           4%         N/A       43%         1
 Call Canine Familiar     Summ           1%         N/A       75%         3
 Summon Guardian Golem    Hex/Summ       1%         N/A       75%         3
 Ice Form                 Ice/Tmut       8%         N/A       83%         4
 Cause Fear               Hex            0%         N/A       98%         4
 Alistair's Intoxication  Tmut/Pois      5%         N/A       98%         5
 Dragon Form              Tmut           7%         N/A       100%        7
 Dragon's Call            Summ           0%         N/A       100%        9

Inventory:

Hand Weapons
 n - a +2 rapier of distortion {!wshort}
   (You found it on level 5 of the Dungeon)
 q - a +1 short sword of freezing (melded) {short}
   (You took it off an orc on level 5 of the Dungeon)
Missiles
 m - 15 poisoned darts (quivered) {throwing}
Wands
 j - a wand of digging (5)
   (You found it on level 4 of the Dungeon)
Scrolls
 b - 4 scrolls of identify {unknown}
 c - 2 scrolls of enchant weapon {unknown}
 d - a scroll of summoning {unknown}
 h - 2 scrolls of magic mapping {unknown}
 k - 2 scrolls of enchant armour {unknown}
 l - a scroll of fog {unknown}
 o - a scroll of vulnerability {unknown}
 p - 2 scrolls of teleportation {unknown}
 s - a scroll of acquirement {unknown}
 t - a scroll of blinking {unknown}
Potions
 a - 2 potions of curing {@q1}
 e - a potion of degeneration {unknown}
 f - a potion of brilliance {unknown}
 g - a potion of heal wounds {@q2}
 i - 3 potions of mutation {unknown}
 r - a potion of haste {unknown}

Dungeon Overview and Level Annotations

Branches:
Dungeon (6/15)
 Temple: D:4-7

Altars:
Sif Muna

Annotations:
D:5 Edmund

.....>#
#.###...'≈≈≈≈'..## ...
###.#≈≈≈≈#...# ### .
#..#≈≈≈≈###..
.....####### ##. ...#
####. #. #### ###[###...
#. ..... #.....# ##
......#########..## #
#.....)s.........## #
#.....Z.....####..######
#..........## ##.......
#..........# ####..##
############ ##### # #


You could see a hornet zombie.


Message History

You constrict the hornet zombie. The hornet zombie hits you.
The centaur closely misses you. x2
The hornet zombie completely misses you.
HP[-6]
You take 6 damage, and now have 42/54 hp.
You hit the hornet zombie. You squeeze the hornet zombie.
You constrict the hornet zombie. The centaur closely misses you. x2
The centaur hits you. The centaur kicks you.
The hornet zombie barely misses you.
HP[-7]
You take 7 damage, and now have 35/54 hp.
You barely miss the hornet zombie.
You constrict the hornet zombie, but do no damage.
The centaur hits you! The centaur barely misses you.
The hornet zombie hits you!
* * * LOW HITPOINT WARNING * * *
The centaur hits you.
* * * LOW HITPOINT WARNING * * *
The centaur barely misses you.
HP[-20]
You take 20 damage, and now have 15/54 hp.
MASSIVE DAMAGE!! (PAUSE)
Casting: Spider Form (dangerous; 26% risk of failure)
Confirm with . or Enter, or press ? or * to list all spells.
You turn into a venomous arachnid creature.
Your +1 short sword of freezing {short} melds into your body.
Your +1 short sword of freezing {short} stops glowing.
You lose your grip on the hornet zombie.
The hornet zombie hits you.
* * * LOW HITPOINT WARNING * * *
The centaur misses you. The centaur completely misses you.
The hornet zombie completely misses you.
HP[-1] MP[-3]
You take 1 damage, and now have 14/54 hp.
You lost 3 mp, and now have 4/11 mp.
You hit the hornet zombie but do no damage.
The centaur hits you.
* * * LOW HITPOINT WARNING * * *
The centaur completely misses you. The hornet zombie hits you!
* * * LOW HITPOINT WARNING * * *
HP[-11]
You take 11 damage, and now have 3/54 hp.
MASSIVE DAMAGE!! (PAUSE)
You hit the centaur.
The centaur is poisoned.
The centaur closely misses you. The centaur completely misses you.
The hornet zombie misses you. The centaur barely misses you.
The centaur misses you.
HP[+1] It was a potion of curing.
You feel better.
The hornet zombie completely misses you.
The centaur barely misses you. The centaur completely misses you.
HP[+10]
You regained 10 hp, and now have 14/54 hp.
You hit the centaur.
The centaur looks as sick as possible!
The hornet zombie completely misses you.
The centaur hits you.
* * * LOW HITPOINT WARNING * * *
The centaur completely misses you.
The hornet zombie completely misses you.
The centaur closely misses you. The centaur misses you.
HP[-5] MP[+1]
You take 5 damage, and now have 9/54 hp.
You hit the centaur.
Your transformation is almost over.
The centaur hits you.
* * * LOW HITPOINT WARNING * * *
The centaur barely misses you.
The hornet zombie hits you but does no damage.
HP[-4]
You take 4 damage, and now have 5/54 hp.
The centaur wields a +0 shortbow.
The centaur shoots an arrow.
The arrow completely misses you.
You hit the hornet zombie.
It was a potion of heal wounds.
You feel much better.
The centaur unwields a +0 shortbow.
The centaur completely misses you. The centaur misses you.
HP[+27]
You regained 27 hp, and now have 32/54 hp.
You hit the centaur. The hornet zombie barely misses you.
The centaur barely misses you. x2; The hornet zombie barely misses you.
You hit the centaur but do no damage. The centaur completely misses you.
The centaur kicks you. The hornet zombie hits you!
* * * LOW HITPOINT WARNING * * *
HP[-8]
You take 8 damage, and now have 24/54 hp.
You hit the centaur.
You kill the centaur!
The hornet zombie hits you!
* * * LOW HITPOINT WARNING * * *
HP[-9]
You take 9 damage, and now have 15/54 hp.
You hit the hornet zombie but do no damage.
The hornet zombie misses you.
You barely miss the hornet zombie. The hornet zombie closely misses you.
MP[+1]
You hit the hornet zombie. The hornet zombie hits you.
* * * LOW HITPOINT WARNING * * *
HP[-3]
You take 3 damage, and now have 12/54 hp.
You hit the hornet zombie. The hornet zombie hits you!
You die...

Skill      XL: |  1  2  3  4  5  6  7  8 |
---------------+-------------------------+-----
Stealth        | 1 2 3 4 5 |  5.0
Unarmed Combat | 4 5 6 |  6.8
Fighting       | 2 3 4 |  4.1
Dodging        | 3 4 |  4.6
Transmutations | 3 4 |  4.6
Spellcasting   | |  2.0

Action                   |  1- 3 |  4- 6 |  7- 9 || total
-------------------------+-------+-------+-------++-------
Melee: Unarmed           |    54 |    34 |    86 ||   174
       Kick              |    13 |     7 |       ||    20
       Constrict         |    20 |    24 |     7 ||    51
       Tentacles         |    10 |    22 |    10 ||    42
       Short sword       |       |    98 |    47 ||   145
       Punch             |       |     3 |       ||     3
Throw: Dart              |       |    10 |     2 ||    12
 Cast: Beastly Appendage |    19 |    10 |       ||    29
       Spider Form       |       |     7 |    12 ||    19
 Abil: End Transformatio |       |     1 |       ||     1
  Use: Potion            |       |       |     2 ||     2
 Stab: Sleeping          |     8 |     4 |     4 ||    16
Armor: Skin              |     5 |     9 |     6 ||    20
Dodge: Dodged            |    25 |    90 |   114 ||   229

Levels and vault maps discovered:
D:1:      dpeg_arrival_three_smaller_balls, layout_loops_ring,
          ebering_ecumenical_altar_webs, minmay_hedge_maze
D:2:      layout_basic, basic_altar, uniq_jessica
D:3:      layout_loops_ring
D:4:      layout_cave_pools
D:5:      layout_cave_pods, nicolae_ossuary_entry_false_entrances,
          nicolae_figureground_sparkle, uniq_edmund
D:6:      layout_rooms, chequers_serial_rivers_room_b

Notes
Turn   | Place    | Note
-------+----------+-------------------------------------------
     0 | D:1      | zeratav the Octopode Transmuter began the quest for the
                  | Orb.
     0 | D:1      | Reached XP level 1. HP: 13/13 MP: 3/3
     0 | D:1      | magus.rc [v1.9.6]
   364 | D:1      | Reached XP level 2. HP: 18/18 MP: 3/5
   544 | D:1      | Reached skill level 1 in Stealth
   636 | D:1      | Found a faded altar of an unknown god.
  1333 | D:2      | Reached XP level 3. HP: 23/23 MP: 3/6
  1616 | D:2      | Reached XP level 4. HP: 9/28 MP: 5/7
  2054 | D:2      | Found a shimmering blue altar of Sif Muna.
  2128 | D:2      | Reached skill level 2 in Stealth
  2128 | D:2      | HP: 7/29 [poisoned by an adder]
  2406 | D:2      | Noticed Jessica
  2416 | D:2      | Killed Jessica
  2649 | D:3      | Reached skill level 4 in Unarmed Combat
  2724 | D:3      | Reached XP level 5. HP: 34/34 MP: 6/8
  2728 | D:3      | Learned a level 3 spell: Spider Form
  2821 | D:3      | Reached skill level 2 in Fighting
  3079 | D:3      | HP: 8/34 [centaur zombie (1)]
  3769 | D:4      | Reached skill level 3 in Dodging
  3769 | D:4      | Reached skill level 3 in Transmutations
  3891 | D:4      | You pick up a book of the Dragon and begin reading...
  3891 | D:4      | You add the spells Cause Fear, Dragon Form and Dragon's
                  | Call to your library.
  4032 | D:3      | Reached skill level 3 in Stealth
  4032 | D:3      | Reached XP level 6. HP: 40/40 MP: 9/9
  4845 | D:4      | You pick up a book of Party Tricks and begin reading...
  4845 | D:4      | You add the spells Apportation and Alistair's Intoxication
                  | to your library.
  5134 | D:5      | Entered Level 5 of the Dungeon
  5157 | D:5      | Noticed Edmund
  5485 | D:5      | Noticed a necrophage
  5505 | D:5      | Killed a necrophage
  5521 | D:5      | HP: 6/41 [bullfrog zombie (5)]
  5523 | D:5      | Reached skill level 5 in Unarmed Combat
  5523 | D:5      | Reached XP level 7. HP: 7/45 MP: 10/10
  5799 | D:5      | Reached skill level 4 in Stealth
  6059 | D:5      | Reached skill level 3 in Fighting
  6650 | D:5      | Reached skill level 4 in Transmutations
  7272 | D:6      | Reached skill level 4 in Dodging
  7272 | D:6      | Reached skill level 6 in Unarmed Combat
  7272 | D:6      | Reached XP level 8. HP: 43/52 MP: 8/11
  7329 | D:6      | Reached skill level 5 in Stealth
  8159 | D:6      | Reached skill level 4 in Fighting
  8208 | D:6      | You pick up a book of Callings and begin reading...
  8208 | D:6      | You add the spells Summon Small Mammal, Call Canine
                  | Familiar and Summon Guardian Golem to your library.
  8263 | D:6      | HP: 10/54 [centaur (4)]
  8263 | D:6      | HP: 3/54 [hornet zombie (7)]
  8276 | D:6      | HP: 12/54 [hornet zombie (4)]
  8277 | D:6      | Slain by a hornet zombie

Vanquished Creatures
  A water moccasin (D:6)
  An ice beast (D:5)
  A black bear (D:5)
  A necrophage (D:5)
  An ogre (D:5)
  2 phantoms (D:5)
  A centaur (D:6)
  A kobold brigand (D:6)
  A bullfrog zombie (D:5)
  2 jellies
  A centaur zombie (D:3)
  A bullfrog skeleton (D:6)
  A gnoll shaman (D:4)
  Jessica (D:2)
  5 iguanas
  An orc wizard (D:2)
  A hound skeleton (D:4)
  5 gnolls
  A howler monkey skeleton (D:6)
  6 adders
  2 white imps (D:6)
  2 ufetubi
  2 worms (D:4)
  2 dart slugs (D:3)
  6 orcs
  3 endoplasms
  3 giant cockroaches
  6 goblins
  7 hobgoblins
  4 jackals (D:4)
  2 quokkas
  7 ball pythons
  5 bats
  3 frilled lizards
  16 kobolds
  A quokka skeleton (D:4)
  5 rats
111 creatures vanquished.

Table legend:
 A = Non-vault XP
 B = Vault XP
 C = Vault XP percentage of total XP
 D = Non-vault monster count
 E = Vault monster count
 F = Vault count percentage of total count
                 A         B        C        D         E       F
            +---------+---------+-------+---------+---------+-------
      Total |    1893 |      37 |   1.9 |     110 |       1 |   0.9
            +---------+---------+-------+---------+---------+-------
        D:1 |      28 |       0 |   0.0 |      19 |       0 |   0.0
        D:2 |      93 |      37 |  28.5 |      19 |       1 |   5.0
        D:3 |     137 |       0 |   0.0 |      22 |       0 |   0.0
        D:4 |     158 |       0 |   0.0 |      20 |       0 |   0.0
        D:5 |     835 |       0 |   0.0 |      11 |       0 |   0.0
        D:6 |     642 |       0 |   0.0 |      19 |       0 |   0.0
            +---------+---------+-------+---------+---------+-------

Illustrated notes

Table legend:
 A = Kills in this place as a percentage of kills in entire the game.
 B = Kills by you in this place as a percentage of kills by you in the entire game.
 C = Kills by friends in this place as a percentage of kills by friends in the entire game.
 D = Other kills in this place as a percentage of other kills in the entire game.
 E = Experience gained in this place as a percentage of experience gained in the entire game.
 F = Experience gained in this place divided by the number of levels of this place that you have seen.
                   A       B       C       D       E      F
               +-------+-------+-------+-------+-------+----------------------
         Total | 100.0 | 100.0 |   N/A |   N/A | 100.0 | 321.7
       Dungeon | 100.0 | 100.0 |   N/A |   N/A | 100.0 | 321.7
               +-------+-------+-------+-------+-------+----------------------

Table legend: (Time is in decaauts)
 A = Elapsed time spent in this place.
 B = Non-inter-level travel time spent in this place.
 C = Inter-level travel time spent in this place.
 D = Time resting spent in this place.
 E = Time spent auto-exploring this place.
 F = Levels seen in this place.
 G = Mean time per level.
                   A        B        C        D        E       F      G
               +--------+--------+--------+--------+--------+-----+--------+
         Total |   8277 |   7643 |    634 |   3203 |   2735 |   6 | 1379.5 |
       Dungeon |   8277 |   7643 |    634 |   3203 |   2735 |   6 | 1379.5 |
               +--------+--------+--------+--------+--------+-----+--------+

Top non-repeatable levels by time:
     D:5: 2177 daAuts
     D:3: 1468 daAuts
     D:2: 1404 daAuts
     D:1: 1232 daAuts
     D:4: 1069 daAuts
     D:6: 926 daAuts
